 Dungeon Crawl Stone Soup version 0.29.1-12-g30fa7ad0bf (webtiles) character file.

Game seed: 6736140612921732577

61 cheesebisquit the Chopper (level 3, -3/33 HPs)
             Began as a Minotaur Berserker on Dec 26, 2022.
             Was a Believer of Trog.
             Slain by a goblin
             ... wielding a +0 club
             ... led by Robin
              (5 damage)
             ... on level 3 of the Dungeon.
             The game lasted 00:06:11 (2216 turns).

cheesebisquit the Chopper (Minotaur Berserker)      Turns: 2216, Time: 00:06:12

Health: -3/33      AC:  5    Str: 23    XL:     3   Next: 83%
Magic:  2/2        EV: 12    Int:  4    God:    Trog [**....]
Gold:   181        SH:  0    Dex:  9    Spells: 2/2 levels left

rFire   . . .      SeeInvis .   a - +0 hand axe
rCold   . . .      Faith    .   (no shield)
rNeg    . . .      Spirit   .   h - +0 leather armour
rPois   .          Reflect  .   (helmet restricted)
rElec   .          Harm     .   j - +0 cloak
rCorr   .          Rampage  .   (no gloves)
Will    .....                   l - +0 pair of boots
Stlth   +.........              (no amulet)
HPRegen 0.11/turn               (no ring)
MPRegen 0.08/turn               (no ring)

@: lethally poisoned (-3 -> -9)
A: horns 2, retaliatory headbutt
a: Renounce Religion, Berserk, Trog's Hand


You were on level 3 of the Dungeon.
You worshipped Trog.
Trog was pleased with you.
You visited 1 branch of the dungeon, and saw 3 of its levels.

You collected 181 gold pieces.

Inventory:

Hand Weapons
 a - a +0 hand axe (weapon)
 m - a +0 mace
Missiles
 e - 16 stones (quivered)
Armour
 b - a +0 animal skin
 h - a +0 leather armour (worn)
 j - a +0 cloak (worn)
 l - a +0 pair of boots (worn)
Scrolls
 c - 3 scrolls of identify {unknown}
 d - a scroll of fog {unknown}
 f - a scroll of amnesia {unknown}
 o - a scroll of teleportation {unknown}
Potions
 g - a potion of mutation {unknown}
 i - a potion of berserk rage {unknown}
 k - a potion of degeneration {unknown}
 n - a potion of curing {unknown}


   Skills:
 - Level 3.8 Fighting
 + Level 5.4 Axes
 - Level 2.7 Armour
 - Level 2.4 Dodging


You had 2 spell levels left.
You didn't know any spells.
Your spell library was empty.

Dungeon Overview and Level Annotations

Branches:
Dungeon (3/15)

Altars:

Annotations:
D:3 Robin


Innate Abilities, Weirdness & Mutations

You have a pair of horns on your head.
You reflexively headbutt those who attack you in melee.


Message History

A hobgoblin and 2 goblins come into view.
The hobgoblin shouts!
The goblin shouts!
The hobgoblin shouts!
A hobgoblin comes into view.
The hobgoblin shouts!
The hobgoblin closely misses you.
A goblin comes into view. It is wielding a +0 dagger of speed.
Robin roars a battlecry!
The goblins go into a battle-frenzy!
The goblin shouts!
You see here a +0 spear.
You closely miss the goblin. You hit the hobgoblin. The hobgoblin hits you.
A goblin comes into view. It is wielding a +0 dagger.
The goblin barely misses you. You furiously retaliate!
You headbutt the goblin!
You kill the goblin!
Trog accepts your kill. Robin throws the goblin at you!
You closely miss the goblin.
The goblin shouts!
You hit the hobgoblin.
You kill the hobgoblin!
Trog accepts your kill.
You completely miss the goblin. The goblin barely misses you.
You barely miss the goblin. You hit the goblin. You hit the hobgoblin.
The goblin hits you with a +0 club. The hobgoblin hits you.
The goblin hits you with a +0 club. Robin hits you but does no damage.
You are poisoned.
You fail to use your ability.
You feel sick. The goblin barely misses you. The hobgoblin barely misses you.
You furiously retaliate!
You headbutt the hobgoblin!
You kill the hobgoblin!
Trog accepts your kill. The goblin hits you with a +0 club.
Robin throws the goblin at you! The goblin hits you with a +0 dagger.
* * * LOW HITPOINT WARNING * * *
The goblin hits you with a +0 club.
* * * LOW HITPOINT WARNING * * *
Okay, then.
* * * LOW HITPOINT WARNING * * *
You feel sick. The goblin hits you with a +0 club.
You die...

#######....### ###
......#†.....#....
...............#
.......<.......#
.##........###.# .
#........###.#..
#.................
..#....b.......#..
..####...g@g...#
#...gg##..#
#..#g.# #.#
......gg# ...
.#.##..g# ... ...
....g #. .. ..<...
....... .........


You could see Robin, 2 hobgoblins, 6 goblins and a bat.

Vanquished Creatures
  2 adders (D:2)
  2 ball pythons
  4 bats
  3 giant cockroaches (D:2)
  6 hobgoblins
  4 jackals (D:1)
  6 kobolds (D:2)
  3 quokkas (D:2)
  2 frilled lizards
  5 goblins
  A rat (D:2)
38 creatures vanquished.

Notes
Turn   | Place    | Note
-------+----------+-------------------------------------------
     0 | D:1      | cheesebisquit the Minotaur Berserker began the quest for
                  | the Orb.
     0 | D:1      | Reached XP level 1. HP: 19/19 MP: 0/0
   303 | D:1      | Reached XP level 2. HP: 25/27 MP: 1/1
   918 | D:2      | Reached skill level 4 in Axes
  1006 | D:2      | Reached XP level 3. HP: 12/33 MP: 2/2
  1481 | D:2      | Found a faded altar of an unknown god.
  1503 | D:2      | Reached skill level 5 in Axes
  2026 | D:2      | Reached ** piety under Trog
  2208 | D:3      | Noticed Robin
  2216 | D:3      | Slain by a goblin

Illustrated notes

Levels and vault maps discovered:
D:1:      minmay_arrival_pointy, layout_loops_cross, chequers_mini_garden
D:2:      layout_loops_ring, hellmonk_ecumenical_altar_blasted
D:3:      layout_rooms, old_standard_altar, minivault_4,
          minmay_misc_feat_nine_boxes, uniq_robin

Skill      XL: |  1  2  3 |
---------------+----------+-----
Axes           | 4 5 |  5.4
Fighting       | |  3.8
Armour         | |  2.7
Dodging        | |  2.4

Action                   || total
-------------------------++-------
Melee: Hand axe          ||    85
       Headbutt          ||     6
       Punch             ||     1
Armor: Animal skin       ||     7
       Leather armour    ||    30
Dodge: Dodged            ||    71
